 Dungeon Crawl Stone Soup version 0.28.0-53-g5a82cb258f (webtiles) character file.

Game seed: 465621192773424085

21758 Deemzul the Fighter (level 12, -5/96 HPs)
             Began as a Palentonga Fighter on July 24, 2022.
             Slain by a white ugly thing (11 damage)
             ... on level 12 of the Dungeon.
             The game lasted 00:28:00 (14826 turns).

Deemzul the Fighter (Palentonga Fighter)           Turns: 14826, Time: 00:28:00

Health: -5/96      AC: 19    Str: 22    XL:     12   Next: 57%
Magic:  5/12       EV:  8    Int:  9    God:
Gold:   900        SH: 13    Dex: 12    Spells: 11/11 levels left

rFire   + . .      SeeInvis +   Q - +4 hand axe
rCold   + . .      Faith    .   U - +2 buckler
rNeg    . . .      Spirit   .   s - +0 troll leather armour
rPois   +          Reflect  +   (no helmet)
rElec   +          Harm     .   w - +0 cloak {rPois}
rCorr   +          Rampage  .   (no gloves)
Will    .....                   (no barding)
Stlth   +.........              e - amulet of reflection
HPRegen 1.06/turn               t - +4 ring of protection
MPRegen 0.13/turn               g - ring of flight

@: resistant, flying, curled up
A: large, rugged brown scales 3, see invisible, deformed body, roll 1, armoured
tail, reflexive curl, frail 1, MP-powered wands
a: Rolling Charge


You were on level 12 of the Dungeon.
You visited 2 branches of the dungeon, and saw 13 of its levels.
You also visited: Ossuary.

You collected 1104 gold pieces.
You spent 204 gold pieces at shops.

Inventory:

Hand Weapons
 a - a +0 war axe
 Q - a +4 hand axe (weapon)
 T - a +0 vorpal spear
Missiles
 i - 6 boomerangs of dispersal
 z - 2 throwing nets
Armour
 s - a +0 troll leather armour (worn)
 w - a +0 cloak of poison resistance (worn)
 U - a +2 buckler (worn)
Jewellery
 e - an amulet of reflection (around neck)
 g - a ring of flight (right hand)
 t - a +4 ring of protection (left hand)
 v - an amulet of the acrobat
 y - a ring of positive energy
 A - a +6 ring of intelligence
 B - a ring of protection from fire
 I - a ring of fire
 P - a ring of protection from cold
 S - a ring of positive energy
Wands
 k - a wand of digging (11)
 u - a wand of polymorph (6)
 N - a wand of iceblast (3)
 O - a wand of flame (1)
Scrolls
 b - a scroll of summoning {unknown}
 c - a scroll of brand weapon {unknown}
 f - 6 scrolls of identify
 h - a scroll of torment {unknown}
 n - a scroll of fog
 p - a scroll of noise
 q - a scroll of enchant armour {unknown}
 r - 4 scrolls of immolation
 C - 2 scrolls of teleportation {unknown}
 F - 2 scrolls of enchant weapon {unknown}
 H - a scroll of amnesia {unknown}
 J - a scroll of magic mapping
 K - 2 scrolls of fear {unknown}
 M - a scroll of holy word {unknown}
Potions
 d - 2 potions of might
 j - a potion of experience {unknown}
 l - 8 potions of curing
 m - 2 potions of brilliance {unknown}
 o - a potion of attraction {unknown}
 D - 2 potions of heal wounds
 E - a potion of resistance
 G - 3 potions of degeneration
 L - a potion of lignification {unknown}
 R - 2 potions of cancellation {unknown}
 V - a potion of haste
 W - a potion of berserk rage {unknown}


   Skills:
 + Level 10.9 Fighting
 + Level 10.7 Axes
 + Level 9.2 Armour
 + Level 9.2 Shields
 + Level 4.1 Evocations


You had 11 spell levels left.
You didn't know any spells.
Your spell library contained the following spells:

 Spells                   Type           Power      Damage    Failure   Level
 Slow                     Hex            0%         N/A       47%         1
 Scorch                   Fire           0%         2d5       63%         2
 Static Discharge         Conj/Air       0%         N/A       63%         2
 Confusing Touch          Hex            0%         N/A       85%         3
 Stone Arrow              Conj/Erth      0%         3d7       85%         3
 Vampiric Draining        Necr           0%         2d6       85%         3
 Animate Armour           Summ/Erth      0%         N/A       99%         4
 Flame Wave               Conj/Fire      0%         2d4       99%         4
 Lightning Bolt           Conj/Air       0%         1d11      100%        5
 Summon Cactus Giant      Summ           0%         N/A       100%        6
 Lehudib's Crystal Spear  Conj/Erth      0%         10d2      100%        8
 Maxwell's Capacitive Co  Air            0%         ∞         100%        8


Dungeon Overview and Level Annotations

Branches:
Dungeon (12/15)            Temple (0/1) D:7            Lair (0/6) D:8
    Orc (1/2) D:10        Ossuary (visited)

Altars:
Cheibriados
Elyvilon
Nemelex Xobeh
Okawaru
Vehumet
Beogh

Shops:
D:5 [   D:7 !   D:10 *


Innate Abilities, Weirdness & Mutations

You are completely covered in rugged brown scales. (AC +3, +7% HP)
You have supernaturally acute eyesight. (SInv)
Armour fits poorly on your strangely shaped body.
You can roll at nearby foes to attack.
You have a long armoured tail.
You curl defensively after being hit. (AC +7*)
You are frail. (-10% HP)
You expend magic power (3 MP) to strengthen your wands.


Message History

You closely miss the white ugly thing.
The white ugly thing is lightly wounded.
The white ugly thing tentacle-slaps you but does no damage.
You hit the white ugly thing but do no damage.
You tail-slap the white ugly thing.
The white ugly thing is lightly wounded.
The white ugly thing tentacle-slaps you but does no damage.
You closely miss the white ugly thing. You tail-slap the white ugly thing!
The white ugly thing is moderately wounded.
You block the white ugly thing's attack.
You hit the white ugly thing but do no damage.
The white ugly thing is moderately wounded.
You hit the white ugly thing.
Your tail-slap misses the white ugly thing.
The white ugly thing is moderately wounded.
The white ugly thing tentacle-slaps you but does no damage.
You slash the white ugly thing!
Your tail-slap misses the white ugly thing.
The white ugly thing is heavily wounded.
The white ugly thing barely misses you.
You closely miss the white ugly thing.
The white ugly thing is heavily wounded.
The white ugly thing tentacle-slaps you.
The white ugly thing freezes you! You resist.
* * * LOW HITPOINT WARNING * * *
You slash the white ugly thing!
The white ugly thing is heavily wounded.
You block the white ugly thing's attack.
You hit the white ugly thing.
The white ugly thing is heavily wounded.
The white ugly thing tentacle-slaps you.
* * * LOW HITPOINT WARNING * * *
The white ugly thing freezes you! You resist.
* * * LOW HITPOINT WARNING * * *
You slash the white ugly thing! You tail-slap the white ugly thing.
The white ugly thing is severely wounded.
The white ugly thing tentacle-slaps you!
* * * LOW HITPOINT WARNING * * *
The white ugly thing freezes you! You resist.
You die...

.......
.........#######........
.........=.............
......................
#.....yy..............
#......|...##........(
#..y.......##.........
#..yyy.....##u†....[..
#...<......##<@.......
######################


You could see a white ugly thing.

Vanquished Creatures
  Josephine (D:10)
  Harold (D:8)
  3 two-headed ogres
  Sonja (D:10)
  2 orc knights (Orc:1)
  A manticore (D:11)
  2 ugly things
  An orc sorcerer (Orc:1)
  2 cyclopes
  Maurice (Orc:1)
  An unseen horror (D:10)
  3 trolls
  4 polar bears
  Prince Ribbit (D:7)
  5 slime creatures
  Sigmund (D:2)
  A shadow (D:8)
  8 yaks
  5 wraiths
  A water elemental (D:11)
  A vampire (D:10)
  A steam dragon (D:8)
  17 vampire mosquitoes
  A warg (Orc:1)
  4 water moccasins
  11 orc warriors
  A black bear (D:4)
  2 sky beasts
  6 ice beasts
  A wolf (D:9)
  7 centaurs
  3 ogres
  Blork the orc (D:6)
  2 kobold brigands
  A bullfrog (D:8)
  A gnoll sergeant (D:8)
  3 water moccasin zombies (Ossuary)
  2 scorpions
  A wyvern zombie (D:9)
  10 killer bees (D:9)
  4 howler monkeys
  4 electric eels (D:9)
  4 centaur zombies
  A bullfrog zombie (D:5)
  A jelly (D:8)
  10 orc priests
  3 hounds
  3 bullfrog skeletons
  A gnoll shaman (D:7)
  An iguana (D:5)
  13 orc wizards
  A killer bee zombie (D:5)
  2 centaur simulacra (D:9)
  A hound zombie (D:5)
  2 mummies (Ossuary)
  2 hound skeletons
  A killer bee simulacrum (D:9)
  A howler monkey zombie (D:9)
  8 gnolls
  10 adders
  2 shadow imps (D:7)
  7 white imps
  2 ufetubi (D:9)
  An adder zombie (Ossuary)
  2 worms (D:2)
  2 dart slugs (D:1)
  40 orcs
  3 ball pythons
  7 endoplasms
  5 giant cockroaches
  7 goblins
  4 hobgoblins
  5 jackals
  4 quokkas
  4 bats
  2 frilled lizards
  3 gnoll zombies (Ossuary)
  7 hobgoblin zombies (Ossuary)
  15 kobolds
  9 kobold zombies (Ossuary)
  3 orc zombies (Ossuary)
  7 rats
335 creatures vanquished.

Vanquished Creatures (collateral kills)
  A slime creature (D:8)
  A wolf (D:9)
  A killer bee (D:9)
  A howler monkey simulacrum (D:9)
4 creatures vanquished.

Vanquished Creatures (others)
  A water moccasin (D:7)
  A kobold (D:7)
  4 fungi (D:9)
  7 plants (D:8)
13 creatures vanquished.

Grand Total: 352 creatures vanquished

Notes
Turn   | Place    | Note
-------+----------+-------------------------------------------
     0 | D:1      | Deemzul the Palentonga Fighter began the quest for the Orb.
     0 | D:1      | Reached XP level 1. HP: 19/19 MP: 1/1
    99 | D:1      | Reached XP level 2. HP: 21/25 MP: 2/2
   149 | D:1      | Found a faded altar of an unknown god.
   393 | D:1      | You fall into a shaft and drop 1 floor!
   511 | D:2      | Reached XP level 3. HP: 31/31 MP: 3/3
   558 | D:2      | Noticed Sigmund
   571 | D:2      | Killed Sigmund
   572 | D:2      | Reached XP level 4. HP: 36/39 MP: 4/4
   572 | D:2      | Reached XP level 5. HP: 41/44 MP: 5/5
  1695 | D:3      | Reached XP level 6. HP: 47/51 MP: 6/6
  3269 | D:5      | Entered Level 5 of the Dungeon
  3286 | D:5      | Gained mutation: You curl defensively after being hit. (AC
                  | +7*) [Palentonga growth]
  3286 | D:5      | Reached XP level 7. HP: 54/58 MP: 7/7
  3357 | D:5      | Found Akusmoq's Armour Emporium.
  3639 | D:5      | Reached skill level 5 in Fighting
  4454 | D:6      | Reached skill level 5 in Axes
  4454 | D:6      | Reached XP level 8. HP: 45/67 MP: 8/8
  4522 | D:6      | Noticed Blork the orc
  4536 | D:6      | Killed Blork the orc
  4600 | D:6      | Found a sand-covered staircase.
  4609 | Ossuary  | Entered an ossuary
  4949 | D:6      | Reached skill level 5 in Armour
  4949 | D:6      | Reached skill level 5 in Shields
  5844 | D:7      | Noticed Prince Ribbit
  6206 | D:7      | HP: 1/69 [Prince Ribbit (11)]
  6215 | D:7      | Killed Prince Ribbit
  6259 | D:7      | Found a sparkling altar of Nemelex Xobeh.
  6280 | D:7      | Reached XP level 9. HP: 40/75 MP: 9/9
  6935 | D:7      | Found Vedeorch's Distillery.
  6949 | D:7      | Bought a potion of degeneration for 12 gold pieces
  6949 | D:7      | Bought a potion of mutation for 96 gold pieces
  6949 | D:7      | Bought a potion of mutation for 96 gold pieces
  6949 | D:7      | Gained mutation: You passively dampen the noise of your
                  | surroundings. [potion of mutation]
  6951 | D:7      | Lost mutation: You passively dampen the noise of your
                  | surroundings. [potion of mutation]
  6951 | D:7      | Gained mutation: You are frail. (-10% HP) [potion of
                  | mutation]
  6951 | D:7      | Gained mutation: You expend magic power (3 MP) to
                  | strengthen your wands. [potion of mutation]
  7045 | D:7      | Found a staircase to the Ecumenical Temple.
  7402 | D:8      | Noticed Harold
  7626 | D:8      | Paralysed by Harold for 2 turns
  7626 | D:8      | HP: 1/69 [Harold/+0 trident (17)]
  7629 | D:8      | Killed Harold
  7967 | D:7      | Reached XP level 10. HP: 47/77 MP: 10/10
  8269 | D:8      | Found a white marble altar of Elyvilon.
  8489 | D:8      | Found a staircase to the Lair.
  9103 | D:8      | Found a snail-covered altar of Cheibriados.
  9157 | D:8      | Noticed a white ugly thing
  9786 | D:9      | You fall into a shaft and drop 2 floors!
 10245 | D:11     | Noticed a two-headed ogre
 10271 | D:11     | Killed a two-headed ogre
 10285 | D:12     | Noticed a six-headed hydra
 10438 | D:11     | Reached XP level 11. HP: 56/86 MP: 11/11
 10747 | D:10     | Entered Level 10 of the Dungeon
 11019 | D:10     | Noticed Josephine
 11030 | D:10     | Killed Josephine
 11037 | D:10     | Identified the +2 leather armour of Pragmatism {rC+ rN+}
 11239 | D:10     | Found a staircase to the Orcish Mines.
 11303 | D:10     | Found Mabrium's General Store.
 11478 | D:10     | Noticed Sonja
 11484 | D:10     | Killed Sonja
 11902 | D:9      | Reached skill level 1 in Evocations
 11903 | D:9      | Reached skill level 10 in Fighting
 11993 | D:8      | Killed a white ugly thing
 12197 | D:9      | Found a transporter.
 12203 | D:9      | Found a transporter.
 12905 | D:10     | Found a radiant altar of Vehumet.
 12954 | Orc:1    | Entered Level 1 of the Orcish Mines
 12972 | Orc:1    | Reached skill level 10 in Axes
 13061 | Orc:1    | Noticed an orc sorcerer
 13071 | Orc:1    | Killed an orc sorcerer
 13213 | D:10     | Reached XP level 12. HP: 88/95 MP: 12/12
 13272 | Orc:1    | Found an iron altar of Okawaru.
 13294 | Orc:1    | Noticed a two-headed ogre
 13307 | Orc:1    | Killed a two-headed ogre
 13513 | Orc:1    | Noticed Maurice
 13541 | Orc:1    | Killed Maurice
 13625 | Orc:1    | HP: 2/95 [orc priest/divine providence[an orc knight] (14)]
 14332 | D:11     | Noticed a two-headed ogre
 14344 | D:11     | Killed a two-headed ogre
 14826 | D:12     | Slain by a white ugly thing

Illustrated notes

Levels and vault maps discovered:
D:1:      mrwooster_arrival_statue_3, layout_loops_ring,
          hellmonk_ecumenical_altar_slurped_away, minmay_tromino_v2
D:2:      layout_basic, st_stairs_2, moated_statue, uniq_sigmund
D:3:      layout_loops_ring
D:4:      layout_cave_pods
D:5:      layout_loops_ring, serial_shops, nicolae_shop_behind_doors
D:6:      layout_basic, lightli_ossuary_entry_decrepit_ruins, serial_curves,
          eino_curves_03, eino_curves_02, uniq_blork_the_orc
D:7:      layout_basic, nemelex_xobeh_ov_fountains_minmay,
          lemuel_temple_firewalk_a, serial_shops, shop, minmay_circle_x,
          uniq_prince_ribbit1
D:8:      nzn_winding_woodlands_small [nzn_winding_woodlands_5x15_lazy_stream,
          nzn_winding_woodlands_center_pierced_h,
          nzn_winding_woodlands_5x15_crooked], layout_basic,
          mainiacjoe_overflow_alcove_4, lemuel_coloured_pillars_altar,
          uniq_harold, uniq_maggie
D:9:      gammafunk_beogh_shrine, layout_long_grid, serial_ice, serial_ice_n,
          serial_ice_k, serial_ice_g, serial_ice_f, serial_ice_m, serial_ice_b,
          serial_ice_d, water_boxes_lemuel
D:10:     layout_basic, kennysheep_mini_moat, serial_shops,
          nicolae_shop_statue_plus, uniq_josephine, uniq_sonja
D:11:     layout_basic, kennysheep_generic_room_4
D:12:     layout_small_grid, serial_shops, kennysheep_mini, uniq_frances
Orc:1:    nicolae_orc_accident_1, layout_diamond_mine, basic_altar,
          okawaru_metal_pillars_1_2, uniq_maurice

Skill      XL: |  1  2  3  4  5  6  7  8  9 10 11 12 |
---------------+-------------------------------------+-----
Fighting       | 4 5 6 7 9 10 | 10.9
Axes           | 3 4 5 6 7 8 10 | 10.7
Armour         | 3 4 5 6 7 8 9 |  9.2
Shields        | 3 4 5 6 7 8 9 |  9.2
Evocations     | 2 4 |  4.1

Action                   |  1- 3 |  4- 6 |  7- 9 | 10-12 || total
-------------------------+-------+-------+-------+-------++-------
Melee: War axe           |    59 |   143 |   380 |    45 ||   627
       Tailslap          |     8 |    17 |    50 |   136 ||   211
       Hand axe          |       |       |       |   745 ||   745
 Abil: Rolling Charge    |    10 |    10 |    12 |     5 ||    37
Evoke: Wand              |       |       |     7 |    49 ||    56
  Use: Potion            |       |       |     7 |     8 ||    15
       Scroll            |       |       |       |     6 ||     6
 Stab: Distracted        |     1 |       |       |       ||     1
       Paralysed         |       |       |     3 |    24 ||    27
Armor: Scale mail        |    20 |    58 |   196 |    97 ||   371
       Troll leather arm |       |       |       |   183 ||   183
Dodge: Dodged            |    14 |    34 |    84 |   174 ||   306
Block: Buckler           |    24 |    48 |       |   157 ||   229
       Kite shield       |       |    15 |   299 |   427 ||   741
       Reflection        |       |     2 |     4 |    22 ||    28
